WCHLSIM.com - West Coast Hockey League
html PUBLIC "-//W3C//DTD XHTML 1.0 Transitional//EN" "http://www.w3.org/TR/xhtml1/DTD/xhtml1-transitional.dtd"> WCHL - Game 1193 - COLORADO GLACIERCATS vs KELOWNA ROCKETS

COLORADO GLACIERCATS vs KELOWNA ROCKETS

Created - 7 avril 2024 at 21:30

Goals
1 2 3 T
COLORADO GLACIERCATS 0 1 0 1
KELOWNA ROCKETS 0 0 0 0
Shots
1 2 3 T
COLORADO GLACIERCATS 12 11 14 37
KELOWNA ROCKETS 5 9 5 19

1st period

No Goal

Penalties :
Anthony DeAngelo (KEL) for Tripping (Minor) at 10:33

2nd period

1. COLORADO GLACIERCATS , Kevin Shattenkirk 4 (Tomas Hertl 54, Leon Draisaitl 53) at 17:54 (PP)

Penalties :
Kyle Burroughs (KEL) for Unsportsmanlike conduct (Minor) at 10:15, J.T. Compher (KEL) for Boarding (Minor) at 16:38

3rd period

No Goal

Penalties :
Tyler Bertuzzi (KEL) for Tripping (Minor) at 2:21, Vladislav Gavrikov (COL) for Roughing (Minor) at 8:55, Kyle Burroughs (KEL) for Interference (Minor) at 13:31

Goalie Stats

Pheonix Copley (COL), 19 saves from 19 shots - (1,000), W, 11-0-0, 60:00 minutes
Alex Stalock (KEL), 36 saves from 37 shots - (0,973), L, 20-10-1, 58:38 minutes

Players Stats for COLORADO GLACIERCATS

Player Name              G  A  P  +/- PIM S  H  SB GA TA FO     MP     PP MP  PK MP  
------------------------------------------------------------------------------------
Alexander Wennberg       0  0  0   0  0   0  1  0  0  0  5/11   16:13   0:00   0:56 
Anze Kopitar             0  0  0   0  0   6  0  0  0  0  13/28  20:58   4:42   1:03 
Bryan Rust               0  0  0   0  0   6  0  0  0  0  0/2    19:11   4:30   0:00 
Cole Perfetti            0  0  0   0  0   1  0  0  0  0  0/0     3:38   0:00   0:00 
Devon Toews              0  0  0   0  0   0  1  0  0  0  0/0    22:07   4:07   0:56 
Dylan Samberg            0  0  0   0  0   0  0  0  0  0  0/0     0:00   0:00   0:00 
Erik Karlsson            0  0  0   0  0   1  0  1  0  0  0/0    22:48   4:37   1:03 
Gustav Nyquist           0  0  0   0  0   2  1  0  0  0  1/2    14:18   0:00   0:00 
Jamie Benn               0  0  0   0  0   4  0  0  0  0  0/0    19:55   4:42   0:00 
Kevin Shattenkirk        1  0  1   0  0   1  2  1  0  0  0/0    18:16   4:07   0:14 
Leon Draisaitl           0  1  1   0  0   4  0  0  0  0  16/24  23:48   4:30   0:00 
Mario Ferraro            0  0  0   0  0   0  2  0  0  0  0/0    15:21   0:00   0:56 
Nic Dowd                 0  0  0   0  0   0  0  0  0  0  1/3     4:41   0:00   1:03 
Tage Thompson            0  0  0   0  0   4  1  0  0  0  0/0    19:55   4:42   0:00 
Tomas Hertl              0  1  1   0  0   4  1  0  0  0  3/4    21:06   4:30   0:56 
Trevor Moore             0  0  0   0  0   3  0  0  0  0  0/2    14:18   0:00   0:00 
Vince Dunn               0  0  0   0  0   1  1  1  0  0  0/0    23:44   5:05   0:49 
Vladislav Gavrikov       0  0  0   0  2   0  0  0  0  0  0/0    17:43   0:28   0:00 

Players Stats for KELOWNA ROCKETS

Player Name              G  A  P  +/- PIM S  H  SB GA TA FO     MP     PP MP  PK MP  
------------------------------------------------------------------------------------
Adam Fox                 0  0  0   0  0   1  0  0  0  0  0/0    22:39   0:54   4:47 
Anthony DeAngelo         0  0  0   0  2   1  0  2  0  0  0/0    19:40   1:05   3:39 
Auston Matthews          0  0  0   0  0   3  0  0  0  0  11/19  19:21   0:54   1:36 
Calle Jarnkrok           0  0  0   0  0   1  0  0  0  0  0/0    14:13   0:00   0:40 
Derek Ryan               0  0  0   0  0   0  0  0  0  0  0/0     3:18   0:00   0:00 
Dmitri Orlov             0  0  0   0  0   1  4  1  0  0  0/0    23:05   0:54   4:25 
Erik Brannstrom          0  0  0   0  0   0  1  1  0  0  0/0    17:11   1:05   0:00 
J.T. Compher             0  0  0   0  2   3  0  2  0  0  15/24  22:11   1:05   6:00 
Kyle Burroughs           0  0  0   0  4   1  1  3  0  0  0/0    16:50   0:00   0:46 
Lukas Sedlak             0  0  0   0  0   0  0  0  0  0  0/0     3:18   0:00   0:00 
Mark Giordano            0  0  0   0  0   0  1  1  0  0  0/0    20:32   0:00   4:47 
Noah Gregor              0  0  0   0  0   0  0  0  0  0  0/3     3:18   0:00   0:00 
Pavel Buchnevich         0  0  0   0  0   2  2  0  0  0  0/1    18:50   0:54   1:05 
Pavel Dorofeyev          0  0  0   0  0   2  1  0  0  0  0/0    13:33   0:00   0:00 
Tomas Nosek              0  0  0   0  0   0  1  0  0  0  9/17   13:33   0:00   0:00 
Tyler Bertuzzi           0  0  0   0  2   0  0  0  0  0  1/2    16:11   1:05   0:00 
Valeri Nichushkin        0  0  0   0  0   4  1  2  0  0  1/5    24:28   1:05   6:32 
Vladimir Tarasenko       0  0  0   0  0   0  0  0  0  0  0/5    18:32   0:54   2:31 

3 Stars

1 - Alex Stalock (KEL)
2 - Pheonix Copley (COL)
3 - Kevin Shattenkirk (COL)

Power Play

COLORADO GLACIERCATS - 1 on 5 Attempt(s) - 20,00%
KELOWNA ROCKETS - 0 on 1 Attempt(s) - 0,00%

Penalty Kill

COLORADO GLACIERCATS - 1 on 1 Attempt(s) - 100,00% - Score 0 goal in Penalty Kill
KELOWNA ROCKETS - 4 on 5 Attempt(s) - 80,00% - Score 0 goal in Penalty Kill

Team Stat

COLORADO GLACIERCATS - Hits : 10 - Faceoff Wins : 39 - Blocked Shots : 3 - Penalty Minutes : 2
KELOWNA ROCKETS - Hits : 12 - Faceoff Wins : 37 - Blocked Shots : 12 - Penalty Minutes : 10

Official

Referees : Conor O'Donnell and Stephen Hiff
Linesman : Luke Galvin and Kyle Allen

Game Notes

No Game Note

Finance

Level 1 -- Attendance: 6600 (100,00%) -- Ticket Income 818 400 $
Level 2 -- Attendance: 5600 (100,00%) -- Ticket Income 526 400 $
Level 3 -- Attendance: 3200 (100,00%) -- Ticket Income 204 800 $
Level 4 -- Attendance: 5224 (93,29%) -- Ticket Income 282 096 $
Luxury Box -- Attendance: 1000 (100,00%) -- Ticket Income 259 000 $
Game was played at the Cherepanov Coliseum.
Total Attendance: 21624 (98,29%)
Total Ticket Income: 2 090 696 $
Other Expense: 20 907 $
Total Income: 2 069 789 $

COLORADO GLACIERCATS

5 vs 5 Forward 
   Center                   Left Wing                Right Wing               Time % Phy DF OF 
 1 Anze Kopitar             Jamie Benn               Tage Thompson            35     0   1  4  
 2 Leon Draisaitl           Tomas Hertl              Bryan Rust               35     0   1  4  
 3 Alexander Wennberg       Gustav Nyquist           Trevor Moore             25     0   2  3  
 4 Nic Dowd                 Cole Perfetti            Leon Draisaitl           5      0   3  2  

5 vs 5 Defense 
   Defense                  Defense                                           Time % Phy DF OF 
 1 Erik Karlsson            Devon Toews                                       37     0   1  4  
 2 Vladislav Gavrikov       Vince Dunn                                        35     0   2  3  
 3 Mario Ferraro            Kevin Shattenkirk                                 23     0   3  2  
 4 Erik Karlsson            Vince Dunn                                        5      0   1  4  

PowerPlay Forward 
   Center                   Left Wing                Right Wing               Time % Phy DF OF 
 1 Leon Draisaitl           Tomas Hertl              Bryan Rust               50     0   1  4  
 2 Anze Kopitar             Jamie Benn               Tage Thompson            50     0   1  4  

PowerPlay Defense
   Defense                  Defense                                           Time % Phy DF OF 
 1 Erik Karlsson            Vince Dunn                                        60     0   0  5  
 2 Devon Toews              Kevin Shattenkirk                                 40     0   1  4  

Penalty Kill 4 Players Forward 
   Center                   Wing                     Time % Phy DF OF 
 1 Alexander Wennberg       Tomas Hertl              50     0   5  0  
 2 Anze Kopitar             Nic Dowd                 50     0   5  0  

Penalty Kill 4 Players Defense
   Defense                  Defense                  Time % Phy DF OF 
 1 Vladislav Gavrikov       Erik Karlsson            50     0   5  0  
 2 Devon Toews              Mario Ferraro            50     0   5  0  

Penalty Kill - 3 Players Forward 
   Forward                                           Time % Phy DF OF 
 1 Tomas Hertl                                       50     0   5  0  
 2 Alexander Wennberg                                50     0   5  0  

Penalty Kill - 3 Players Defense
   Defense                  Defense                  Time % Phy DF OF 
 1 Vladislav Gavrikov       Erik Karlsson            50     0   5  0  
 2 Devon Toews              Mario Ferraro            50     0   5  0  

4 vs 4 Forward 
   Center                   Wing                     Time % Phy DF OF 
 1 Anze Kopitar             Tomas Hertl              50     0   1  4  
 2 Leon Draisaitl           Tage Thompson            50     0   1  4  

4 vs 4 Defense
   Defense                  Defense                  Time % Phy DF OF 
 1 Erik Karlsson            Vladislav Gavrikov       45     0   2  3  
 2 Devon Toews              Vince Dunn               55     0   2  3  

Last Minutes Offensive
   Center                   Left Wing                Right Wing               Defense                  Defense                  
   Anze Kopitar             Tomas Hertl              Leon Draisaitl           Vince Dunn               Erik Karlsson            

Last Minutes Defensive
   Center                   Left Wing                Right Wing               Defense                  Defense                  
   Alexander Wennberg       Tomas Hertl              Leon Draisaitl           Devon Toews              Vladislav Gavrikov       

Goaltenders
Starting : Pheonix Copley           
Backup : Andrei Vasilevskiy       

Extra Forwards
Normal : Anze Kopitar, Tomas Hertl, Jamie Benn - PP : Bryan Rust, Trevor Moore - PK : Jamie Benn
Extra Defensemen
Normal : Vladislav Gavrikov, Mario Ferraro, Dylan Samberg - PP : Vladislav Gavrikov - PK : Vince Dunn, Kevin Shattenkirk
Penalty Shots
Tage Thompson, Leon Draisaitl, Erik Karlsson, Anze Kopitar, Tomas Hertl
Custom OT Lines Forwards
Leon Draisaitl, Anze Kopitar, Tomas Hertl, Tage Thompson, Jamie Benn, Bryan Rust, Gustav Nyquist, Alexander Wennberg, Trevor Moore, Cole Perfetti
Custom OT Lines Defensemen
Erik Karlsson, Devon Toews, Vince Dunn, Vladislav Gavrikov, Mario Ferraro

Scratches
None

KELOWNA ROCKETS

5 vs 5 Forward 
   Center                   Left Wing                Right Wing               Time % Phy DF OF 
 1 Auston Matthews          Pavel Buchnevich         Valeri Nichushkin        36     0   2  3  
 2 J.T. Compher             Tyler Bertuzzi           Vladimir Tarasenko       36     0   2  3  
 3 Tomas Nosek              Calle Jarnkrok           Pavel Dorofeyev          28     0   3  2  
 4 Noah Gregor              Lukas Sedlak             Derek Ryan               0      0   4  1  

5 vs 5 Defense 
   Defense                  Defense                                           Time % Phy DF OF 
 1 Adam Fox                 Dmitri Orlov                                      37     0   4  1  
 2 Mark Giordano            Anthony DeAngelo                                  35     0   4  1  
 3 Erik Brannstrom          Kyle Burroughs                                    28     0   4  1  
 4 Dmitri Orlov             Mark Giordano                                     0      0   3  2  

PowerPlay Forward 
   Center                   Left Wing                Right Wing               Time % Phy DF OF 
 1 Auston Matthews          Pavel Buchnevich         Vladimir Tarasenko       60     0   0  5  
 2 J.T. Compher             Tyler Bertuzzi           Valeri Nichushkin        40     0   0  5  

PowerPlay Defense
   Defense                  Defense                                           Time % Phy DF OF 
 1 Adam Fox                 Dmitri Orlov                                      60     0   1  4  
 2 Anthony DeAngelo         Erik Brannstrom                                   40     0   1  4  

Penalty Kill 4 Players Forward 
   Center                   Wing                     Time % Phy DF OF 
 1 J.T. Compher             Valeri Nichushkin        65     0   5  0  
 2 Auston Matthews          Pavel Buchnevich         35     0   5  0  

Penalty Kill 4 Players Defense
   Defense                  Defense                  Time % Phy DF OF 
 1 Adam Fox                 Mark Giordano            50     0   5  0  
 2 Dmitri Orlov             Anthony DeAngelo         50     0   5  0  

Penalty Kill - 3 Players Forward 
   Forward                                           Time % Phy DF OF 
 1 J.T. Compher                                      50     0   5  0  
 2 Auston Matthews                                   50     0   5  0  

Penalty Kill - 3 Players Defense
   Defense                  Defense                  Time % Phy DF OF 
 1 Adam Fox                 Mark Giordano            50     0   5  0  
 2 Dmitri Orlov             Anthony DeAngelo         50     0   5  0  

4 vs 4 Forward 
   Center                   Wing                     Time % Phy DF OF 
 1 Auston Matthews          Vladimir Tarasenko       50     0   1  4  
 2 J.T. Compher             Pavel Buchnevich         50     0   1  4  

4 vs 4 Defense
   Defense                  Defense                  Time % Phy DF OF 
 1 Adam Fox                 Dmitri Orlov             50     0   2  3  
 2 Mark Giordano            Anthony DeAngelo         50     0   2  3  

Last Minutes Offensive
   Center                   Left Wing                Right Wing               Defense                  Defense                  
   Auston Matthews          Pavel Buchnevich         Valeri Nichushkin        Adam Fox                 Dmitri Orlov             

Last Minutes Defensive
   Center                   Left Wing                Right Wing               Defense                  Defense                  
   Auston Matthews          J.T. Compher             Valeri Nichushkin        Adam Fox                 Dmitri Orlov             

Goaltenders
Starting : Alex Stalock             
Backup : Antti Raanta             

Extra Forwards
Normal : Valeri Nichushkin, Pavel Buchnevich, Vladimir Tarasenko - PP : Pavel Dorofeyev, Calle Jarnkrok - PK : Vladimir Tarasenko
Extra Defensemen
Normal : Anthony DeAngelo, Dmitri Orlov, Mark Giordano - PP : Mark Giordano - PK : Kyle Burroughs, Erik Brannstrom
Penalty Shots
Auston Matthews, Vladimir Tarasenko, Pavel Buchnevich, Valeri Nichushkin, J.T. Compher
Custom OT Lines Forwards
Auston Matthews, Pavel Buchnevich, J.T. Compher, Valeri Nichushkin, Calle Jarnkrok, Vladimir Tarasenko, Tomas Nosek, Tyler Bertuzzi, Derek Ryan, Pavel Dorofeyev
Custom OT Lines Defensemen
Adam Fox, Mark Giordano, Dmitri Orlov, Anthony DeAngelo, Kyle Burroughs

Scratches
Parker Kelly (Healthy), Pavel Francouz (Healthy)

% Time on Ice - COLORADO GLACIERCATS

Lines # - Real PCT - Wanted PCT - Time Play
Normal Forward
1 - 32% - 35% - 15:13
2 - 31% - 35% - 14:41
3 - 30% - 25% - 14:18
4 - 8% - 5% - 3:38
Normal Defense
1 - 34% - 37% - 16:05
2 - 35% - 35% - 16:47
3 - 29% - 23% - 13:55
4 - 2% - 5% - 1:03
PP Forward
1 - 49% - 50% - 4:30
2 - 51% - 50% - 4:42
PP Defense
1 - 55% - 60% - 5:05
2 - 45% - 40% - 4:07
PK Forward
1 - 47% - 50% - 0:56
2 - 53% - 50% - 1:03
PK Defense
1 - 53% - 50% - 1:03
2 - 47% - 50% - 0:56
PK3 Forward
1 - 0% - 50%
2 - 0% - 50%
PK3 Defense
1 - 0% - 50%
2 - 0% - 50%
44 Forward
1 - 0% - 50%
2 - 0% - 50%
44 Defense
1 - 0% - 45%
2 - 0% - 55%
Last Minute Offensive  - 0:00
Last Minute Defensive  - 0:59
Total
Forward - 60:00
Defense - 60:00

% Time on Ice - KELOWNA ROCKETS

Lines # - Real PCT - Wanted PCT - Time Play
Normal Forward
1 - 33% - 36% - 15:52
2 - 32% - 36% - 15:07
3 - 28% - 28% - 13:33
4 - 7% - 0% - 3:18
Normal Defense
1 - 33% - 37% - 15:59
2 - 31% - 35% - 14:57
3 - 34% - 28% - 16:06
4 - 2% - 0% - 0:48
PP Forward
1 - 45% - 60% - 0:54
2 - 55% - 40% - 1:05
PP Defense
1 - 45% - 60% - 0:54
2 - 55% - 40% - 1:05
PK Forward
1 - 88% - 65% - 8:07
2 - 12% - 35% - 1:05
PK Defense
1 - 52% - 50% - 4:47
2 - 48% - 50% - 4:25
PK3 Forward
1 - 0% - 50%
2 - 0% - 50%
PK3 Defense
1 - 0% - 50%
2 - 0% - 50%
44 Forward
1 - 0% - 50%
2 - 0% - 50%
44 Defense
1 - 0% - 50%
2 - 0% - 50%
Last Minute Offensive  - 0:59
Last Minute Defensive  - 0:00
Total
Forward - 60:00
Defense - 60:00

Play-by-Play

1st period


0:01 of 1st period - Anze Kopitar wins face-off versus Auston Matthews in neutral zone.
0:03 of 1st period - Off-side.
0:04 of 1st period - Leon Draisaitl wins face-off versus J.T. Compher in neutral zone.
0:48 of 1st period - Shot by Tomas Hertl.
0:48 of 1st period - Stopped by Alex Stalock without a rebound.
0:49 of 1st period - Anze Kopitar wins face-off versus Tomas Nosek in KELOWNA ROCKETS zone.
0:56 of 1st period - Shot by Devon Toews.
0:56 of 1st period - Shot Misses the Net.
1:04 of 1st period - Off-side.
1:05 of 1st period - Alexander Wennberg wins face-off versus Valeri Nichushkin in neutral zone.
1:13 of 1st period - Valeri Nichushkin is hit by Gustav Nyquist and loses puck.
1:34 of 1st period - Auston Matthews is hit by Mario Ferraro and loses puck.
1:54 of 1st period - Valeri Nichushkin is hit by Mario Ferraro and loses puck.
2:34 of 1st period - Shot by Anze Kopitar.
2:34 of 1st period - Stopped by Alex Stalock without a rebound.
2:35 of 1st period - Leon Draisaitl wins face-off versus Vladimir Tarasenko in KELOWNA ROCKETS zone.
2:57 of 1st period - J.T. Compher is hit by Vince Dunn and loses puck.
3:51 of 1st period - Shot by Jamie Benn.
3:51 of 1st period - Shot Hit the Post.
3:59 of 1st period - Shot by Anze Kopitar.
3:59 of 1st period - Shot Misses the Net.
4:01 of 1st period - Shot by Devon Toews.
4:01 of 1st period - Shot Misses the Net.
4:39 of 1st period - Shot by Auston Matthews.
4:39 of 1st period - Stopped by Pheonix Copley without a rebound.
4:40 of 1st period - Tomas Nosek wins face-off versus Nic Dowd in COLORADO GLACIERCATS zone.
4:41 of 1st period - Shot by Pavel Dorofeyev.
4:41 of 1st period - Shot Misses the Net.
4:43 of 1st period - Shot by Erik Brannstrom.
4:43 of 1st period - Shot Blocked by Vince Dunn.
5:14 of 1st period - Icing by Erik Brannstrom.
5:15 of 1st period - Alexander Wennberg wins face-off versus Tomas Nosek in KELOWNA ROCKETS zone.
5:33 of 1st period - Icing by Pavel Dorofeyev.
5:34 of 1st period - Anze Kopitar wins face-off versus Tomas Nosek in KELOWNA ROCKETS zone.
5:37 of 1st period - Shot by Tage Thompson.
5:37 of 1st period - Stopped by Alex Stalock with a rebound.
5:51 of 1st period - Shot by Jamie Benn.
5:51 of 1st period - Stopped by Alex Stalock without a rebound.
5:52 of 1st period - Tomas Hertl wins face-off versus Valeri Nichushkin in KELOWNA ROCKETS zone.
5:55 of 1st period - Shot by Erik Karlsson.
5:55 of 1st period - Deflect By Tomas Hertl.
5:55 of 1st period - Shot Blocked by Dmitri Orlov.
6:01 of 1st period - Leon Draisaitl is hit by Pavel Buchnevich and loses puck.
6:07 of 1st period - Icing by Leon Draisaitl.
6:08 of 1st period - Leon Draisaitl wins face-off versus Noah Gregor in COLORADO GLACIERCATS zone.
6:10 of 1st period - Icing by Erik Karlsson.
6:11 of 1st period - Leon Draisaitl wins face-off versus Pavel Buchnevich in COLORADO GLACIERCATS zone.
6:11 of 1st period - Leon Draisaitl is hit by Pavel Buchnevich.
7:18 of 1st period - Shot by Anze Kopitar.
7:18 of 1st period - Shot Misses the Net.
7:20 of 1st period - Shot by Jamie Benn.
7:20 of 1st period - Stopped by Alex Stalock without a rebound.
7:21 of 1st period - Alexander Wennberg wins face-off versus J.T. Compher in KELOWNA ROCKETS zone.
7:30 of 1st period - Shot by Gustav Nyquist.
7:30 of 1st period - Shot Misses the Net.
7:54 of 1st period - Shot by Alexander Wennberg.
7:54 of 1st period - Shot Blocked by Erik Brannstrom.
7:56 of 1st period - Shot by Alexander Wennberg.
7:56 of 1st period - Shot Misses the Net.
8:26 of 1st period - Shot by Jamie Benn.
8:26 of 1st period - Stopped by Alex Stalock without a rebound.
8:27 of 1st period - Leon Draisaitl wins face-off versus Tomas Nosek in KELOWNA ROCKETS zone.
8:44 of 1st period - Shot by Bryan Rust.
8:44 of 1st period - Stopped by Alex Stalock with a rebound.
9:02 of 1st period - Shot by Leon Draisaitl.
9:02 of 1st period - Stopped by Alex Stalock without a rebound.
9:03 of 1st period - Anze Kopitar wins face-off versus Auston Matthews in KELOWNA ROCKETS zone.
9:11 of 1st period - Icing by Dmitri Orlov.
9:12 of 1st period - Auston Matthews wins face-off versus Anze Kopitar in KELOWNA ROCKETS zone.
10:00 of 1st period - Tage Thompson is hit by Dmitri Orlov and loses puck.
10:12 of 1st period - Off-side.
10:13 of 1st period - Tomas Nosek wins face-off versus Leon Draisaitl in neutral zone.
10:33 of 1st period - Minor Penalty to Anthony DeAngelo for Tripping.
10:34 of 1st period - Leon Draisaitl wins face-off versus Valeri Nichushkin in KELOWNA ROCKETS zone.
10:49 of 1st period - Shot by Tomas Hertl.
10:49 of 1st period - Stopped by Alex Stalock without a rebound.
10:50 of 1st period - J.T. Compher wins face-off versus Anze Kopitar in KELOWNA ROCKETS zone.
10:50 of 1st period - J.T. Compher is hit by Tage Thompson.
11:00 of 1st period - Shot by J.T. Compher.
11:00 of 1st period - Stopped by Pheonix Copley without a rebound.
11:01 of 1st period - Tomas Hertl wins face-off versus J.T. Compher in COLORADO GLACIERCATS zone.
11:20 of 1st period - Shot by Erik Karlsson.
11:20 of 1st period - Shot Blocked by Valeri Nichushkin.
11:22 of 1st period - Shot by Bryan Rust.
11:22 of 1st period - Shot Misses the Net.
12:30 of 1st period - Shot by Anze Kopitar.
12:30 of 1st period - Stopped by Alex Stalock without a rebound.
12:31 of 1st period - Leon Draisaitl wins face-off versus J.T. Compher in KELOWNA ROCKETS zone.
12:34 of 1st period - Shot by Bryan Rust.
12:34 of 1st period - Shot Misses the Net.
12:36 of 1st period - Shot by Trevor Moore.
12:36 of 1st period - Shot Misses the Net.
12:51 of 1st period - Icing by Kyle Burroughs.
12:52 of 1st period - Tomas Nosek wins face-off versus Nic Dowd in KELOWNA ROCKETS zone.
13:00 of 1st period - Calle Jarnkrok is hit by Devon Toews and loses puck.
13:13 of 1st period - Shot by Pavel Dorofeyev.
13:13 of 1st period - Shot Misses the Net.
13:15 of 1st period - Shot by Calle Jarnkrok.
13:15 of 1st period - Stopped by Pheonix Copley without a rebound.
13:16 of 1st period - J.T. Compher wins face-off versus Anze Kopitar in COLORADO GLACIERCATS zone.
14:35 of 1st period - Shot by Valeri Nichushkin.
14:35 of 1st period - Stopped by Pheonix Copley without a rebound.
14:36 of 1st period - Tomas Hertl wins face-off versus Tomas Nosek in COLORADO GLACIERCATS zone.
14:36 of 1st period - Tomas Hertl is hit by Pavel Dorofeyev.
16:59 of 1st period - Shot by Leon Draisaitl.
16:59 of 1st period - Shot Blocked by Kyle Burroughs.
17:10 of 1st period - Icing by Mario Ferraro.
17:11 of 1st period - Nic Dowd wins face-off versus Auston Matthews in COLORADO GLACIERCATS zone.
17:22 of 1st period - Shot by Auston Matthews.
17:22 of 1st period - Stopped by Pheonix Copley without a rebound.
17:23 of 1st period - J.T. Compher wins face-off versus Anze Kopitar in COLORADO GLACIERCATS zone.
17:50 of 1st period - Shot by Tage Thompson.
17:50 of 1st period - Stopped by Alex Stalock without a rebound.
17:51 of 1st period - Alexander Wennberg wins face-off versus Auston Matthews in KELOWNA ROCKETS zone.
18:10 of 1st period - Shot by Gustav Nyquist.
18:10 of 1st period - Shot Misses the Net.
18:22 of 1st period - Shot by Gustav Nyquist.
18:22 of 1st period - Stopped by Alex Stalock without a rebound.
18:23 of 1st period - Anze Kopitar wins face-off versus J.T. Compher in KELOWNA ROCKETS zone.
18:23 of 1st period - Anze Kopitar is hit by Dmitri Orlov.
18:46 of 1st period - Icing by Vince Dunn.
18:47 of 1st period - Auston Matthews wins face-off versus Anze Kopitar in COLORADO GLACIERCATS zone.
Goals for this period are 0 for COLORADO GLACIERCATS vs 0 for KELOWNA ROCKETS.
Shots for this period are 12 for COLORADO GLACIERCATS vs 5 for KELOWNA ROCKETS.

2nd period


0:01 of 2nd period - J.T. Compher wins face-off versus Leon Draisaitl in neutral zone.
0:22 of 2nd period - Bryan Rust is hit by Dmitri Orlov and loses puck.
0:30 of 2nd period - Leon Draisaitl is hit by Dmitri Orlov and loses puck.
1:13 of 2nd period - Valeri Nichushkin is hit by Kevin Shattenkirk and loses puck.
1:29 of 2nd period - Shot by Anze Kopitar.
1:29 of 2nd period - Shot Misses the Net.
2:05 of 2nd period - Shot by Alexander Wennberg.
2:05 of 2nd period - Shot Blocked by Kyle Burroughs.
2:07 of 2nd period - Shot by Erik Karlsson.
2:07 of 2nd period - Shot Misses the Net.
2:09 of 2nd period - Shot by Trevor Moore.
2:09 of 2nd period - Stopped by Alex Stalock without a rebound.
2:10 of 2nd period - Tomas Nosek wins face-off versus Alexander Wennberg in KELOWNA ROCKETS zone.
2:38 of 2nd period - Adam Fox is hit by Alexander Wennberg and loses puck.
3:12 of 2nd period - Icing by Erik Brannstrom.
3:13 of 2nd period - Leon Draisaitl wins face-off versus Vladimir Tarasenko in KELOWNA ROCKETS zone.
3:16 of 2nd period - Shot by Tomas Hertl.
3:16 of 2nd period - Shot Misses the Net.
3:57 of 2nd period - Icing by Mario Ferraro.
3:58 of 2nd period - Auston Matthews wins face-off versus Leon Draisaitl in COLORADO GLACIERCATS zone.
4:09 of 2nd period - Shot by Valeri Nichushkin.
4:09 of 2nd period - Stopped by Pheonix Copley without a rebound.
4:10 of 2nd period - Tomas Nosek wins face-off versus Anze Kopitar in COLORADO GLACIERCATS zone.
4:36 of 2nd period - Off-side.
4:37 of 2nd period - Auston Matthews wins face-off versus Alexander Wennberg in neutral zone.
4:48 of 2nd period - Shot by Valeri Nichushkin.
4:48 of 2nd period - Stopped by Pheonix Copley without a rebound.
4:49 of 2nd period - Leon Draisaitl wins face-off versus J.T. Compher in COLORADO GLACIERCATS zone.
6:22 of 2nd period - Devon Toews is hit by Valeri Nichushkin and loses puck.
6:53 of 2nd period - Shot by Tage Thompson.
6:53 of 2nd period - Stopped by Alex Stalock without a rebound.
6:54 of 2nd period - Tomas Nosek wins face-off versus Alexander Wennberg in KELOWNA ROCKETS zone.
7:01 of 2nd period - Mario Ferraro is hit by Tomas Nosek and loses puck.
7:32 of 2nd period - Shot by Pavel Dorofeyev.
7:32 of 2nd period - Shot Blocked by Kevin Shattenkirk.
9:46 of 2nd period - Icing by Devon Toews.
9:47 of 2nd period - Tomas Nosek wins face-off versus Leon Draisaitl in COLORADO GLACIERCATS zone.
9:58 of 2nd period - Shot by Pavel Dorofeyev.
9:58 of 2nd period - Stopped by Pheonix Copley with a rebound.
10:15 of 2nd period - Minor Penalty to Kyle Burroughs for Unsportsmanlike conduct.
10:16 of 2nd period - J.T. Compher wins face-off versus Anze Kopitar in KELOWNA ROCKETS zone.
10:29 of 2nd period - Shot by Tage Thompson.
10:29 of 2nd period - Shot Misses the Net.
10:31 of 2nd period - Shot by Tage Thompson.
10:31 of 2nd period - Shot Misses the Net.
10:39 of 2nd period - Shot by Tage Thompson.
10:39 of 2nd period - Shot Blocked by J.T. Compher.
10:41 of 2nd period - Shot by Vince Dunn.
10:41 of 2nd period - Shot Misses the Net.
10:43 of 2nd period - Shot by Anze Kopitar.
10:43 of 2nd period - Stopped by Alex Stalock without a rebound.
10:44 of 2nd period - Leon Draisaitl wins face-off versus J.T. Compher in KELOWNA ROCKETS zone.
11:03 of 2nd period - Shot by Leon Draisaitl.
11:03 of 2nd period - Stopped by Alex Stalock without a rebound.
11:04 of 2nd period - Anze Kopitar wins face-off versus J.T. Compher in KELOWNA ROCKETS zone.
11:05 of 2nd period - Shot by Erik Karlsson.
11:05 of 2nd period - Shot Misses the Net.
11:07 of 2nd period - Shot by Tage Thompson.
11:07 of 2nd period - Shot Blocked by J.T. Compher.
12:46 of 2nd period - Shot by Trevor Moore.
12:46 of 2nd period - Stopped by Alex Stalock with a rebound.
13:38 of 2nd period - Off-side.
13:39 of 2nd period - Leon Draisaitl wins face-off versus J.T. Compher in neutral zone.
14:02 of 2nd period - Shot by Leon Draisaitl.
14:02 of 2nd period - Deflect By Tomas Hertl.
14:02 of 2nd period - Stopped by Alex Stalock without a rebound.
14:03 of 2nd period - Auston Matthews wins face-off versus Anze Kopitar in KELOWNA ROCKETS zone.
14:26 of 2nd period - Shot by Pavel Buchnevich.
14:26 of 2nd period - Stopped by Pheonix Copley with a rebound.
14:28 of 2nd period - Shot by Auston Matthews.
14:28 of 2nd period - Shot Misses the Net.
14:30 of 2nd period - Shot by Adam Fox.
14:30 of 2nd period - Stopped by Pheonix Copley with a rebound.
14:32 of 2nd period - Shot by Dmitri Orlov.
14:32 of 2nd period - Shot Misses the Net.
14:34 of 2nd period - Shot by Valeri Nichushkin.
14:34 of 2nd period - Stopped by Pheonix Copley with a rebound.
14:36 of 2nd period - Shot by Dmitri Orlov.
14:36 of 2nd period - Shot Misses the Net.
14:38 of 2nd period - Shot by Valeri Nichushkin.
14:38 of 2nd period - Shot Misses the Net.
14:40 of 2nd period - Shot by Pavel Buchnevich.
14:40 of 2nd period - Stopped by Pheonix Copley without a rebound.
14:41 of 2nd period - J.T. Compher wins face-off versus Tomas Hertl in COLORADO GLACIERCATS zone.
15:04 of 2nd period - Shot by Leon Draisaitl.
15:04 of 2nd period - Deflect By Bryan Rust.
15:04 of 2nd period - Stopped by Alex Stalock without a rebound.
15:05 of 2nd period - Gustav Nyquist wins face-off versus Tomas Nosek in KELOWNA ROCKETS zone.
15:50 of 2nd period - Alexander Wennberg is hit by Mark Giordano.
16:24 of 2nd period - Off-side.
16:25 of 2nd period - Tyler Bertuzzi wins face-off versus Leon Draisaitl in neutral zone.
16:38 of 2nd period - Minor Penalty to J.T. Compher for Boarding.
16:39 of 2nd period - Anze Kopitar wins face-off versus Vladimir Tarasenko in KELOWNA ROCKETS zone.
16:54 of 2nd period - Shot by Erik Karlsson.
16:54 of 2nd period - Stopped by Alex Stalock with a rebound.
17:24 of 2nd period - Shot by Anze Kopitar.
17:24 of 2nd period - Stopped by Alex Stalock without a rebound.
17:25 of 2nd period - Leon Draisaitl wins face-off versus Vladimir Tarasenko in KELOWNA ROCKETS zone.
17:54 of 2nd period - Shot by Kevin Shattenkirk.
17:54 of 2nd period - Goal by Kevin Shattenkirk - COLORADO GLACIERCATS : 1 - KELOWNA ROCKETS : 0.
17:55 of 2nd period - Tomas Nosek wins face-off versus Gustav Nyquist in neutral zone.
18:04 of 2nd period - Shot by Pavel Dorofeyev.
18:04 of 2nd period - Stopped by Pheonix Copley without a rebound.
18:05 of 2nd period - Anze Kopitar wins face-off versus Noah Gregor in COLORADO GLACIERCATS zone.
18:33 of 2nd period - Shot by Tage Thompson.
18:33 of 2nd period - Shot Misses the Net.
18:35 of 2nd period - Shot by Anze Kopitar.
18:35 of 2nd period - Shot Misses the Net.
18:37 of 2nd period - Shot by Jamie Benn.
18:37 of 2nd period - Stopped by Alex Stalock without a rebound.
18:38 of 2nd period - J.T. Compher wins face-off versus Leon Draisaitl in KELOWNA ROCKETS zone.
18:55 of 2nd period - Shot by Anthony DeAngelo.
18:55 of 2nd period - Stopped by Pheonix Copley without a rebound.
18:56 of 2nd period - Auston Matthews wins face-off versus Alexander Wennberg in COLORADO GLACIERCATS zone.
19:23 of 2nd period - Shot by Valeri Nichushkin.
19:23 of 2nd period - Shot Misses the Net.
Goals for this period are 1 for COLORADO GLACIERCATS vs 0 for KELOWNA ROCKETS.
Shots for this period are 11 for COLORADO GLACIERCATS vs 9 for KELOWNA ROCKETS.

3rd period


0:01 of 3rd period - Anze Kopitar wins face-off versus Tyler Bertuzzi in neutral zone.
0:44 of 3rd period - Shot by Anze Kopitar.
0:44 of 3rd period - Stopped by Alex Stalock without a rebound.
0:45 of 3rd period - Auston Matthews wins face-off versus Bryan Rust in KELOWNA ROCKETS zone.
1:32 of 3rd period - Shot by Leon Draisaitl.
1:32 of 3rd period - Shot Blocked by Anthony DeAngelo.
1:34 of 3rd period - Shot by Bryan Rust.
1:34 of 3rd period - Shot Misses the Net.
1:52 of 3rd period - Calle Jarnkrok is hit by Kevin Shattenkirk and loses puck.
1:59 of 3rd period - Shot by Trevor Moore.
1:59 of 3rd period - Stopped by Alex Stalock without a rebound.
2:00 of 3rd period - J.T. Compher wins face-off versus Anze Kopitar in KELOWNA ROCKETS zone.
2:21 of 3rd period - Minor Penalty to Tyler Bertuzzi for Tripping.
2:22 of 3rd period - J.T. Compher wins face-off versus Leon Draisaitl in KELOWNA ROCKETS zone.
2:35 of 3rd period - Shot by Devon Toews.
2:35 of 3rd period - Shot Misses the Net.
2:59 of 3rd period - Shot by Leon Draisaitl.
2:59 of 3rd period - Stopped by Alex Stalock without a rebound.
3:00 of 3rd period - J.T. Compher wins face-off versus Anze Kopitar in KELOWNA ROCKETS zone.
3:26 of 3rd period - Shot by Anze Kopitar.
3:26 of 3rd period - Shot Blocked by Anthony DeAngelo.
3:28 of 3rd period - Shot by Vince Dunn.
3:28 of 3rd period - Stopped by Alex Stalock with a rebound.
3:30 of 3rd period - Shot by Jamie Benn.
3:30 of 3rd period - Shot Misses the Net.
4:21 of 3rd period - Leon Draisaitl is hit by Erik Brannstrom and loses puck.
4:58 of 3rd period - Shot by Alexander Wennberg.
4:58 of 3rd period - Shot Misses the Net.
5:16 of 3rd period - Shot by Cole Perfetti.
5:16 of 3rd period - Shot Misses the Net.
5:18 of 3rd period - Shot by Kevin Shattenkirk.
5:18 of 3rd period - Shot Misses the Net.
5:46 of 3rd period - Shot by Cole Perfetti.
5:46 of 3rd period - Stopped by Alex Stalock without a rebound.
5:47 of 3rd period - Valeri Nichushkin wins face-off versus Anze Kopitar in KELOWNA ROCKETS zone.
6:12 of 3rd period - Shot by Erik Karlsson.
6:12 of 3rd period - Shot Misses the Net.
7:12 of 3rd period - Shot by J.T. Compher.
7:12 of 3rd period - Stopped by Pheonix Copley without a rebound.
7:13 of 3rd period - Leon Draisaitl wins face-off versus Noah Gregor in COLORADO GLACIERCATS zone.
8:24 of 3rd period - Shot by Gustav Nyquist.
8:24 of 3rd period - Stopped by Alex Stalock without a rebound.
8:25 of 3rd period - Anze Kopitar wins face-off versus Valeri Nichushkin in KELOWNA ROCKETS zone.
8:54 of 3rd period - Shot by Auston Matthews.
8:54 of 3rd period - Shot Misses the Net.
8:55 of 3rd period - Minor Penalty to Vladislav Gavrikov for Roughing.
8:56 of 3rd period - J.T. Compher wins face-off versus Anze Kopitar in COLORADO GLACIERCATS zone.
10:57 of 3rd period - Icing by Tyler Bertuzzi.
10:58 of 3rd period - Tomas Nosek wins face-off versus Trevor Moore in KELOWNA ROCKETS zone.
11:00 of 3rd period - Icing by Calle Jarnkrok.
11:01 of 3rd period - Leon Draisaitl wins face-off versus Tomas Nosek in KELOWNA ROCKETS zone.
11:02 of 3rd period - Shot by Tomas Hertl.
11:02 of 3rd period - Shot Misses the Net.
12:00 of 3rd period - Shot by J.T. Compher.
12:00 of 3rd period - Shot Misses the Net.
12:02 of 3rd period - Shot by Kyle Burroughs.
12:02 of 3rd period - Stopped by Pheonix Copley without a rebound.
12:03 of 3rd period - Anze Kopitar wins face-off versus Auston Matthews in COLORADO GLACIERCATS zone.
12:27 of 3rd period - Shot by Tage Thompson.
12:27 of 3rd period - Stopped by Alex Stalock without a rebound.
12:28 of 3rd period - J.T. Compher wins face-off versus Trevor Moore in KELOWNA ROCKETS zone.
12:39 of 3rd period - Shot by J.T. Compher.
12:39 of 3rd period - Shot Misses the Net.
12:44 of 3rd period - Gustav Nyquist is hit by Kyle Burroughs and loses puck.
13:31 of 3rd period - Minor Penalty to Kyle Burroughs for Interference.
13:32 of 3rd period - Leon Draisaitl wins face-off versus Auston Matthews in KELOWNA ROCKETS zone.
13:42 of 3rd period - Icing by Tomas Hertl.
13:43 of 3rd period - J.T. Compher wins face-off versus Bryan Rust in COLORADO GLACIERCATS zone.
13:55 of 3rd period - Shot by Bryan Rust.
13:55 of 3rd period - Stopped by Alex Stalock with a rebound.
13:57 of 3rd period - Shot by Bryan Rust.
13:57 of 3rd period - Stopped by Alex Stalock with a rebound.
13:59 of 3rd period - Shot by Vince Dunn.
13:59 of 3rd period - Deflect By Leon Draisaitl.
13:59 of 3rd period - Shot Misses the Net.
14:01 of 3rd period - Shot by Vince Dunn.
14:01 of 3rd period - Shot Misses the Net.
14:05 of 3rd period - Shot by Erik Karlsson.
14:05 of 3rd period - Deflect By Tomas Hertl.
14:05 of 3rd period - Stopped by Alex Stalock without a rebound.
14:06 of 3rd period - Anze Kopitar wins face-off versus Vladimir Tarasenko in KELOWNA ROCKETS zone.
14:09 of 3rd period - Shot by Jamie Benn.
14:09 of 3rd period - Shot Blocked by Valeri Nichushkin.
15:19 of 3rd period - Shot by Bryan Rust.
15:19 of 3rd period - Shot Misses the Net.
15:21 of 3rd period - Shot by Bryan Rust.
15:21 of 3rd period - Stopped by Alex Stalock with a rebound.
15:29 of 3rd period - Shot by Leon Draisaitl.
15:29 of 3rd period - Deflect By Bryan Rust.
15:29 of 3rd period - Stopped by Alex Stalock without a rebound.
15:30 of 3rd period - Leon Draisaitl wins face-off versus Auston Matthews in KELOWNA ROCKETS zone.
15:41 of 3rd period - Shot by Alexander Wennberg.
15:41 of 3rd period - Shot Misses the Net.
15:47 of 3rd period - Shot by Trevor Moore.
15:47 of 3rd period - Shot Blocked by Kyle Burroughs.
16:50 of 3rd period - Shot by Auston Matthews.
16:50 of 3rd period - Shot Blocked by Erik Karlsson.
16:52 of 3rd period - Shot by Valeri Nichushkin.
16:52 of 3rd period - Deflect By Auston Matthews.
16:52 of 3rd period - Stopped by Pheonix Copley without a rebound.
16:53 of 3rd period - Anze Kopitar wins face-off versus Tomas Nosek in COLORADO GLACIERCATS zone.
17:02 of 3rd period - Shot by Anze Kopitar.
17:02 of 3rd period - Stopped by Alex Stalock without a rebound.
17:03 of 3rd period - J.T. Compher wins face-off versus Leon Draisaitl in KELOWNA ROCKETS zone.
17:33 of 3rd period - Shot by Bryan Rust.
17:33 of 3rd period - Deflect By Tomas Hertl.
17:33 of 3rd period - Shot Blocked by Mark Giordano.
17:49 of 3rd period - Shot by Leon Draisaitl.
17:49 of 3rd period - Stopped by Alex Stalock without a rebound.
17:50 of 3rd period - Auston Matthews wins face-off versus Anze Kopitar in KELOWNA ROCKETS zone.
17:56 of 3rd period - Off-side.
17:57 of 3rd period - Auston Matthews wins face-off versus Anze Kopitar in neutral zone.
18:34 of 3rd period - KELOWNA ROCKETS, Alex Stalock is pulled from the net.
18:53 of 3rd period - Icing by Vladislav Gavrikov.
18:54 of 3rd period - J.T. Compher wins face-off versus Anze Kopitar in COLORADO GLACIERCATS zone.
19:00 of 3rd period - Shot by J.T. Compher.
19:00 of 3rd period - Stopped by Pheonix Copley without a rebound.
19:01 of 3rd period - Auston Matthews wins face-off versus Alexander Wennberg in COLORADO GLACIERCATS zone.
19:19 of 3rd period - Shot by Pavel Buchnevich.
19:19 of 3rd period - Shot Misses the Net.
19:21 of 3rd period - Shot by Dmitri Orlov.
19:21 of 3rd period - Shot Misses the Net.
19:23 of 3rd period - Shot by Pavel Buchnevich.
19:23 of 3rd period - Shot Misses the Net.
19:25 of 3rd period - Shot by Dmitri Orlov.
19:25 of 3rd period - Stopped by Pheonix Copley without a rebound.
19:26 of 3rd period - Alexander Wennberg wins face-off versus Auston Matthews in COLORADO GLACIERCATS zone.
19:55 of 3rd period - Icing by Adam Fox.
19:56 of 3rd period - Alex Stalock from KELOWNA ROCKETS was sent back in the game.
19:56 of 3rd period - Auston Matthews wins face-off versus Alexander Wennberg in KELOWNA ROCKETS zone.
19:56 of 3rd period - Auston Matthews is hit by Tomas Hertl.
Goals for this period are 0 for COLORADO GLACIERCATS vs 0 for KELOWNA ROCKETS.
Shots for this period are 14 for COLORADO GLACIERCATS vs 5 for KELOWNA ROCKETS.


BRAD
MARCHAND
ANZE
KOPITAR
JAMIE
BENN

EAST COAST

HOCKEY LEAGUE

  • 69.QUE5CHW3
  • 70.CHA3TRV4
  • 71.PITRHI
  • 72.ATLWOR